 Dungeon Crawl Stone Soup version 0.21.0-24-g2553a33 (webtiles) character file.

133 Faca the Skirmisher (level 5, -7/34 HPs)
             Began as a Gargoyle Fighter on Jan 19, 2018.
             Mangled by an ogre
             ... wielding a +0 giant spiked club
              (23 damage)
             ... on level 4 of the Dungeon.
             The game lasted 00:04:57 (2382 turns).

Faca the Skirmisher (Gargoyle Fighter)              Turns: 2382, Time: 00:04:57

Health: -7/34      AC: 12    Str: 20    XL:     5   Next: 16%
Magic:  5/5        EV:  7    Int:  8    God:
Gold:   167        SH:  9    Dex: 10    Spells: 4/4 levels left

rFire    . . .     SeeInvis .   a - +0 flail
rCold    . . .     Gourm    .   c - +0 shield
rNeg     + . .     Faith    .   b - +0 scale mail
rPois    ∞         Spirit   .   (no helmet)
rElec    +         Reflect  .   (no cloak)
rCorr    .         Harm     .   g - +0 pair of gloves
MR       .....                  (no boots)
Stlth    ..........             (no amulet)
HPRegen  0.11/turn              (no ring)
MPRegen  0.09/turn              (no ring)

@: no status effects
A: negative energy resistance 1, electricity resistance, unbreathing,
petrification resistance, rot immunity, AC +4
a: no special abilities


You were on level 4 of the Dungeon.
You were not hungry.

You visited 1 branch of the dungeon, and saw 4 of its levels.

You collected 167 gold pieces.

Inventory:

Hand Weapons
 a - a +0 flail (weapon)
Armour
 b - a +0 scale mail (worn)
 c - a +0 shield (worn)
 g - a +0 pair of gloves (worn)
 j - a +0 plate armour
Wands
 n - a wand of flame (22)
Scrolls
 h - a scroll of blinking {unknown}
 i - 3 scrolls of teleportation
Potions
 d - a potion of might
 e - 2 potions of curing {unknown}
 k - 3 potions of cancellation
 l - a potion of ambrosia {unknown}
 m - a potion of agility {unknown}
 o - a potion of lignification {unknown}
 p - a potion of flight
Comestibles
 f - 11 rations


   Skills:
 + Level 4.4 Fighting
 * Level 4.4 Maces & Flails
 - Level 3.2 Armour
 - Level 3.2 Shields


You had 4 spell levels left.
You didn't know any spells.

Dungeon Overview and Level Annotations

Branches:
Dungeon (4/15)
 Temple: D:4-7

Altars:
Elyvilon
Fedhas
Hepliaklqana


Innate Abilities, Weirdness & Mutations

You are resistant to torment.
Your stone body is resilient. (AC +4)
You are immune to poison.
You resist negative energy. (rN+)
You are resistant to electric shocks. (rElec)
You can survive without breathing.
You are immune to petrification.
You are immune to rotting.


Message History

The scorpion stings you but does no damage.
You sock the scorpion!
You kill the scorpion!
Your Maces & Flails skill increases to level 4!
You have reached level 5!
You now have 167 gold pieces (gained 12).
An ogre comes into view. It is wielding a giant spiked club.
The ogre shouts!
You hit the ogre.
The ogre is lightly wounded.
The ogre hits you with a giant spiked club!!
Ouch! That really hurt!
You barely miss the ogre.
The ogre is lightly wounded.
The ogre barely misses you.
You barely miss the ogre.
The ogre is lightly wounded.
The ogre hits you with a giant spiked club!!
Ouch! That really hurt!
You die...

#. ....... ##. .......
###.. .......
#...#######....... #
##....#....... #.
#..##..##
#########.###...##...
.#####...# ##O..#.#. ##
#####.### #@#........# #.
#####...# #......#.#.# ##.
#######.###..........# #..
#...# #..##........##.
..####.#.####........#...#
##...#...#####.....##....
#..#####..# #....## #...
#.## ##.# #....# ###.#
####.####....#


You could see an ogre.

Vanquished Creatures
  A scorpion (D:4)
  An adder (D:3)
  2 oozes (D:3)
  A worm (D:3)
  A leopard gecko (D:3)
  3 orcs (D:3)
  7 giant cockroaches
  8 goblins
  8 hobgoblins
  10 kobolds
  A quokka (D:3)
  5 bats
  2 frilled lizards
  5 rats
55 creatures vanquished.

Notes
Turn   | Place    | Note
-------+----------+-------------------------------------------
     0 | D:1      | Faca the Gargoyle Fighter began the quest for the Orb.
     0 | D:1      | Reached XP level 1. HP: 14/14 MP: 1/1
   175 | D:1      | Reached XP level 2. HP: 14/19 MP: 2/2
   743 | D:1      | Reached XP level 3. HP: 24/24 MP: 3/3
  1710 | D:3      | Reached XP level 4. HP: 29/29 MP: 4/4
  1777 | D:3      | Found a hazy altar of Hepliaklqana.
  1838 | D:3      | Found a white marble altar of Elyvilon.
  2130 | D:3      | Found a blossoming altar of Fedhas.
  2338 | D:4      | Reached XP level 5. HP: 34/34 MP: 5/5
  2371 | D:4      | Noticed an ogre
  2382 | D:4      | Mangled by an ogre

Skill      XL: |  1  2  3  4 |
---------------+-------------+-----
Maces & Flails | 3 4 |  4.4
Fighting       | 4 |  4.4
Armour         | |  3.2
Shields        | |  3.2

Action                   |  1- 3 |  4- 6 || total
-------------------------+-------+-------++-------
Melee: Flail             |   131 |    28 ||   159
  Use: Scroll            |     5 |     1 ||     6
  Eat: Ration            |     1 |       ||     1
       Chunk             |     1 |       ||     1
Armor: Scale mail        |    53 |     9 ||    62
Dodge: Dodged            |    44 |     7 ||    51
Block: Shield            |    67 |    12 ||    79
